 Dungeon Crawl Stone Soup version 0.15.2 (webtiles) character file.

9767 MordorOrchid the Nimble (level 11, -17/53 HPs)
             Began as a Spriggan Air Elementalist on June 26, 2022.
             Was a Priest of Sif Muna.
             Shot with a bolt by an orc warlord (36 damage)
             ... on Level 4 of the Orcish Mines on June 28, 2022.
             The game lasted 02:12:00 (11051 turns).

MordorOrchid the Nimble (SpAE)                     Turns: 11051, Time: 02:12:01

HP -17/53        AC  7     Str  4      XL: 11   Next: 27%
MP  30/31        EV 25     Int 20      God: Sif Muna [***...]
Gold 1477        SH  0     Dex 17      Spells:  4 memorised, 15 levels left

rFire  + . .     SeeInvis +     b - +0 blowgun
rCold  + . .     Clarity  .     N - +2 robe {rF+}
rNeg   . . .     rCorr    .     (shield restricted)
rPois  .         rRot     .     (helmet restricted)
rElec  .         Spirit   .     D - +2 cloak
SustAb .         Warding  .     (gloves unavailable)
rMut   .         Stasis   .     (boots unavailable)
Gourm  .                        (no amulet)
MR     +....                    i - cursed ring of flight
                                R - ring of protection from cold

@: very quick, somewhat resistant to hostile enchantments, quite stealthy
A: unfitting armour, see invisible, herbivore 3, speed 3, slow metabolism 2
a: Channel Energy, Forget Spell, Renounce Religion, Evoke Flight


You were on level 4 of the Orcish Mines.
You worshipped Sif Muna.
Sif Muna was most pleased with you.
You were very full.

You visited 2 branches of the dungeon, and saw 16 of its levels.
You also visited: Ossuary.

You collected 1707 gold pieces.
You spent 230 gold pieces at shops.

Inventory:

Hand weapons
 b - a +0 blowgun (weapon)
 j - a +0 hunting sling
 y - a +1 cutlass of flaming
 G - a +2 short sword of electrocution
 K - a +1 short sword
 X - a +3 dagger of distortion
Missiles
 w - 180 arrows
 x - 32 poisoned needles
 C - 35 poisoned tomahawks
 E - 5 curare-tipped needles (quivered)
 F - 35 sling bullets
 J - 10 exploding sling bullets
 S - 4 tomahawks of returning
 Z - 9 tomahawks
Armour
 D - a +2 cloak (worn)
 N - a +2 robe of fire resistance (worn)
Magical devices
 e - a wand of draining (4)
 k - a wand of confusion (5) {unknown}
 H - a wand of polymorph (19)
 Q - a wand of invisibility (4)
 T - a wand of magic darts (0)
 V - a wand of paralysis (13) {unknown}
 W - a wand of flame (8)
Comestibles
 f - 11 fruits
 z - a bread ration
 Y - 10 royal jellies
Scrolls
 d - 5 scrolls of teleportation
 l - a scroll of recharging
 p - 2 scrolls of blinking
 r - a scroll of magic mapping
 u - 2 scrolls of amnesia
 I - 2 scrolls of fog
 M - a scroll of holy word
Jewellery
 a - an uncursed ring of protection from fire
 i - a cursed ring of flight (right hand)
 v - an uncursed amulet of stasis
 B - an uncursed ring of teleportation
 R - a ring of protection from cold (left hand)
Potions
 c - a potion of porridge
 g - a potion of lignification {unknown}
 h - 2 potions of flight
 m - a potion of degeneration {unknown}
 o - a potion of brilliance {unknown}
 q - 2 potions of haste
 s - a potion of curing
 t - a potion of mutation
 A - 3 potions of might
 L - a potion of restore abilities
 O - a potion of cancellation {unknown}
 P - a potion of heal wounds {unknown}
 U - a potion of beneficial mutation {unknown}


   Skills:
 - Level 4.0 Fighting
 - Level 4.0 Short Blades
 - Level 3.1 Throwing
 * Level 9.8 Dodging
 - Level 8.3 Stealth
 + Level 8.3 Spellcasting
 * Level 6.0 Conjurations
 - Level 3.0 Charms
 * Level 7.5 Air Magic
 * Level 3.0 Invocations
 * Level 6.0 Evocations


You had 15 spell levels left.
You knew the following spells:

 Your Spells              Type           Power        Failure   Level  Hunger
a - Shock                 Conj/Air       ####         1%          1    None
b - Static Discharge      Conj/Air       #####...     1%          3    None
f - Lightning Bolt        Conj/Air       #####.....   17%         5    ####...
y - Repel Missiles        Chrm/Air       ####..       1%          2    None


Dungeon Overview and Level Annotations

Branches:
Dungeon (12/15)            Temple (0/1) D:7             Orc (4/4) D:9
   Lair (0/8) D:9
    Elf: Orc:3-4

Altars:
Cheibriados
Elyvilon
Qazlal
Sif Muna
Vehumet
Xom
The Shining One
Beogh

Shops:
D:7 *   D:11 *   Orc:4 *

Annotations:
D:8 exclusion: upstairs
Orc:1 Gastronok
Orc:2 exclusion: upstairs


Innate Abilities, Weirdness & Mutations

You are tiny and cannot use many weapons and most armour.
You have supernaturally acute eyesight.
You are a herbivore.
You cover ground extremely quickly.
You need consume almost no food.


Message History

Quivering
C - 35 poisoned tomahawks for throwing.
Throwing (i - inventory. (,) - cycle):
C - 35 poisoned tomahawks (quivered)
Press: ? - help, Shift-Dir - straight line, f - orc warlord, p - orc warrior
Aim: an orc warlord, wielding an arbalest and wearing a glowing chain mail (moderately wounded, lightly drained)
Okay, then.
You kill the orc warrior!
Your Invocations skill increases to level 3!
Quiver which item? (- for none, * to show all) (? for menu, Esc to quit)
Quivering
E - 6 curare-tipped needles for blowguns.
Firing (i - inventory. (,) - cycle):
E - 6 curare-tipped needles (quivered)
Press: ? - help, Shift-Dir - straight line, f - orc warlord
Aim: an orc warlord, wielding an arbalest and wearing a glowing chain mail (moderately wounded, lightly drained)
You shoot a curare-tipped needle.
The curare-tipped needle hits the orc warlord.
The orc warlord is poisoned.
The orc warlord convulses.
The orc warlord seems to slow down.
The orc warlord is moderately wounded.
The orc warlord shoots a bolt.
The bolt hits you!!!
Ouch! That really hurt!
You die...

..##.## #..........(##.# #
......## ##.#...).o.###.# #
.....#.######........##.# #
........##.##.....(.###.# #
#.##....#...#....)...##.# #
####.....#.......(...##.# #
###.................###.#+#######
#................#.## #..........
...............)@### ###...#####
..................# #####..##
#.................# ##..##...#
#..............).####.......##
...............).##.#....#..###
.................)............#
..............#####.......#....#
.............##...##......###.##
.............#.....#......# ##


You could see an orc warlord.

Vanquished Creatures
  A hydra (D:11)
  Pikel (D:6)
  An orc knight (Orc:1)
  An orc sorcerer (Orc:4)
  Maurice (Orc:2)
  Psyche (Orc:1)
  A troll (Orc:4)
  2 two-headed ogres
  A wyvern (D:11)
  A deep elf mage (D:10)
  4 yaks (D:9)
  Eustachio (D:7)
  A hill giant zombie (D:9)
  A hippogriff (D:9)
  A warg (Orc:1)
  A mottled dragon (D:11)
  A sky beast (D:8)
  A necrophage (D:6)
  2 slaves (D:6)
  A black bear (D:9)
  9 orc warriors
  3 phantoms
  3 ice beasts
  6 ogres
  A centaur (D:10)
  A manticore skeleton (D:11)
  3 big kobolds
  3 elf zombies (D:5)
  Blork the orc (D:5)
  A giant frog (D:9)
  A scorpion (D:9)
  A water moccasin skeleton (D:9)
  6 wights
  A goliath beetle (D:6)
  4 hounds
  A giant frog skeleton (D:5)
  A human zombie (D:5)
  A crimson imp (D:5)
  13 orc wizards
  8 orc priests
  5 jellies
  A human skeleton (D:5)
  3 iguanas
  9 worker ants
  3 big kobold zombies (Ossuary)
  Ijyb (D:2)
  Terence (D:2)
  2 mummies (Ossuary)
  7 gnolls
  10 adders
  3 shadow imps
  2 giant mites
  A goliath beetle zombie (D:5)
  4 worms
  An adder zombie (D:6)
  2 adder skeletons
  4 giant geckos
  7 oozes
  92 orcs
  A ball python (D:2)
  A gnoll skeleton (D:4)
  17 goblins
  18 hobgoblins
  11 jackals
  A quokka (D:3)
  14 bats
  5 giant cockroaches
  4 giant newts
  3 giant spores
  A gnoll zombie (Ossuary)
  5 goblin zombies
  A hobgoblin zombie (Ossuary)
  A jackal skeleton (D:4)
  34 kobolds
  6 orc zombies
  14 rats
  9 ballistomycetes
397 creatures vanquished.

Vanquished Creatures (others)
  A goblin (Orc:1)
  A bat (D:6)
  A giant spore (D:6)
  A kobold (D:6)
4 creatures vanquished.

Grand Total: 401 creatures vanquished

Notes
Turn   | Place    | Note
--------------------------------------------------------------
     0 | D:1      | MordorOrchid, the Spriggan Air Elementalist, began the quest for the Orb.
     0 | D:1      | Reached XP level 1. HP: 9/9 MP: 4/4
   316 | D:1      | Reached XP level 2. HP: 12/14 MP: 5/7
   320 | D:1      | Learned a level 2 spell: Repel Missiles
   653 | D:1      | Reached skill level 1 in Conjurations
   793 | D:2      | Reached XP level 3. HP: 17/17 MP: 6/9
   798 | D:2      | Learned a level 3 spell: Static Discharge
   863 | D:2      | Noticed Ijyb
  1001 | D:2      | Reached skill level 1 in Fighting
  1461 | D:2      | Noticed Terence
  1470 | D:2      | Killed Terence
  1488 | D:2      | Reached XP level 4. HP: 20/22 MP: 7/13
  1633 | D:2      | Killed Ijyb
  1876 | D:4      | Reached skill level 4 in Dodging
  2042 | D:3      | Reached XP level 5. HP: 25/25 MP: 14/17
  2277 | D:3      | Found a snail-covered altar of Cheibriados.
  2746 | D:4      | Noticed a phantom
  2779 | D:4      | Killed a phantom
  2779 | D:4      | Reached XP level 6. HP: 21/30 MP: 13/20
  2829 | D:4      | Reached skill level 5 in Dodging
  2973 | D:5      | Entered Level 5 of the Dungeon
  3146 | D:5      | Found a sand-covered staircase.
  3325 | Ossuary  | Entered an ossuary
  3471 | Ossuary  | Reached XP level 7. HP: 32/35 MP: 16/22
  3806 | D:5      | Reached skill level 5 in Spellcasting
  4301 | D:6      | Reached skill level 6 in Dodging
  4652 | D:6      | Noticed Pikel
  4677 | D:6      | Killed Pikel
  4677 | D:6      | Reached skill level 1 in Short Blades
  4677 | D:6      | Reached XP level 8. HP: 40/40 MP: 23/25
  5265 | D:5      | Reached skill level 7 in Dodging
  5270 | D:5      | Reached skill level 1 in Evocations
  5312 | D:5      | Noticed Blork the orc
  5331 | D:5      | Killed Blork the orc
  5358 | D:5      | Learned a level 3 spell: Flight
  5360 | D:5      | Found a deep blue altar of Sif Muna.
  5375 | D:5      | Became a worshipper of Sif Muna the Loreminder
  5477 | D:7      | Found a stormy altar of Qazlal.
  5527 | D:7      | Reached XP level 9. HP: 44/44 MP: 21/27
  5538 | D:7      | Learned a level 5 spell: Lightning Bolt
  5595 | D:7      | Reached skill level 5 in Stealth
  5599 | D:7      | Noticed Eustachio
  5634 | D:7      | Killed Eustachio
  5634 | D:7      | Reached skill level 5 in Air Magic
  5785 | D:7      | Found Vuxt's Hallowed Reliquary.
  5796 | D:7      | Found a glowing golden altar of the Shining One.
  5801 | D:7      | Noticed an angel
  5805 | D:7      | Bought a potion of restore abilities for 36 gold pieces
  5805 | D:7      | Bought a scroll of holy word for 90 gold pieces
  6362 | D:7      | Found a staircase to the Ecumenical Temple.
  6480 | D:8      | Acquired Sif Muna's first power
  6617 | D:8      | Found a shimmering altar of Xom.
  6620 | D:8      | Found a glowing golden altar of the Shining One.
  6623 | D:8      | Found a white marble altar of Elyvilon.
  6653 | D:8      | Reached skill level 8 in Dodging
  6803 | D:9      | Reached skill level 1 in Charms
  7143 | D:9      | Reached skill level 5 in Conjurations
  7295 | D:9      | Reached XP level 10. HP: 30/49 MP: 19/29
  7480 | D:9      | Found a staircase to the Lair.
  7561 | D:9      | Acquired Sif Muna's second power
  7641 | D:9      | Found a staircase to the Orcish Mines.
  7920 | D:10     | Entered Level 10 of the Dungeon
  8621 | D:10     | Reached skill level 1 in Invocations
  8668 | D:11     | Found Piaqeloa's Elemental Accessories.
  8934 | D:11     | Noticed a five-headed hydra
  9210 | D:11     | Killed a five-headed hydra
  9210 | D:11     | Reached skill level 9 in Dodging
  9210 | D:11     | Reached skill level 5 in Evocations
  9320 | Orc:1    | Entered Level 1 of the Orcish Mines
  9546 | Orc:1    | Noticed an orc knight
  9603 | Orc:1    | Killed an orc knight
  9633 | Orc:1    | Noticed Psyche
  9664 | Orc:1    | Killed Psyche
  9664 | Orc:1    | Reached XP level 11. HP: 42/53 MP: 21/31
  9877 | Orc:2    | Found a radiant altar of Vehumet.
 10054 | Orc:1    | Noticed Gastronok
 10054 | Orc:1    | Noticed an orc knight
 10065 | Orc:1    | Noticed Maurice
 10122 | Orc:2    | Killed Maurice
 10135 | Orc:2    | Identified a scroll of acquirement
 10416 | Orc:4    | Entered Level 4 of the Orcish Mines
 10439 | Orc:4    | Found a roughly hewn altar of Beogh.
 10835 | Orc:4    | Found Shita's General Store.
 10852 | Orc:4    | Bought a scroll of identify for 26 gold pieces
 10852 | Orc:4    | Bought a scroll of identify for 26 gold pieces
 10852 | Orc:4    | Bought a scroll of fog for 26 gold pieces
 10857 | Orc:4    | Bought a scroll of identify for 26 gold pieces
 10902 | Orc:4    | Noticed an orc warlord
 11051 | Orc:4    | Shot with a bolt by an orc warlord

Action                   |  1- 3 |  4- 6 |  7- 9 | 10-12 || total
-------------------------+-------+-------+-------+-------++-------
Melee: Unarmed           |     7 |       |       |       ||     7
       Short sword       |    25 |     8 |    13 |     3 ||    49
       Cutlass           |       |       |       |    30 ||    30
 Fire: Hunting sling     |       |   123 |   104 |    10 ||   237
       Blowgun           |       |       |   133 |   166 ||   299
 Cast: Shock             |    53 |   110 |   227 |   164 ||   554
       Repel Missiles    |     1 |       |       |       ||     1
       Static Discharge  |       |       |     8 |    60 ||    68
       Flight            |       |       |     4 |       ||     4
Evoke: Wand              |       |       |       |    15 ||    15
  Use: Scroll            |     1 |     5 |     6 |    14 ||    26
       Potion            |       |       |       |     3 ||     3
 Stab: Sleeping          |     5 |     5 |    16 |    30 ||    56
       Distracted        |       |       |     1 |     1 ||     2
  Eat: Pizza             |       |       |     4 |       ||     4
       Bread ration      |       |       |       |     2 ||     2
